 Dungeon Crawl Stone Soup version 0.16-a0-3134-g9b1347a (webtiles) character file.

12730 PolkaDot the Brawler (level 11, -1/124 HPs)
             Began as a Troll Monk on Dec 14, 2014.
             Slain by a water moccasin (6 damage)
             ... on level 2 of the Lair of Beasts.
             The game lasted 00:33:08 (8801 turns).

PolkaDot the Brawler (Troll Monk)                   Turns: 8801, Time: 00:33:08

Health: -1/124     AC: 11    Str: 24    XL:     11   Next: 66%
Magic:  4/4        EV: 11    Int:  6    God:
Gold:   581        SH:  0    Dex: 14    Spells: 0 memorised, 10 levels left

rFire  . . .     SeeInvis .       - Unarmed
rCold  . . .     Clarity  .     a - +1 robe
rNeg   . . .     SustAb   .     (shield restricted)
rPois  .         Gourm    +     o - +2 hat
rElec  .         Spirit   .     f - +2 cloak
rCorr  .         Warding  .     (gloves unavailable)
rMut   .         Stasis   .     (boots unavailable)
MR     .....                    (no amulet)
Stlth  +.........               (no ring)
                                E - ring of loudness

@: lethally poisoned, exhausted, about to teleport, slowed, very slow, not
resistant to hostile enchantments, very unstealthy
A: unfitting armour, claws 3, breathe flames 1, fast metabolism 3, gourmand,
mutation resistance 1, regeneration 2, robust 1, shaggy fur 1, strong 1, tough
skin 2
a: Breathe Fire


You were on level 2 of the Lair of Beasts.
You were very full.

You visited 2 branches of the dungeon, and saw 11 of its levels.

You collected 581 gold pieces.

Inventory:

Armour
 a - a +1 robe (worn)
 f - a +2 cloak (worn)
 o - a +2 hat (worn)
Jewellery
 C - an uncursed amulet of guardian spirit {unknown}
 E - a ring of loudness (left claw)
Magical devices
 c - a wand of confusion (0)
 q - a wand of polymorph (2)
 u - a wand of fireball (0)
 w - a wand of confusion (0)
 y - a wand of draining (0)
 B - a wand of slowing (33)
 F - a wand of fireball (0)
 G - a wand of polymorph (8)
Scrolls
 d - a scroll of magic mapping
 e - 2 scrolls of enchant armour
 j - a scroll of fog
 n - 3 scrolls of identify
 p - 3 scrolls of enchant weapon
 r - 3 scrolls of recharging
 s - 5 scrolls of remove curse
 v - a scroll of immolation
 A - a scroll of amnesia {unknown}
Potions
 g - 2 potions of restore abilities
 x - a potion of cure mutation {!q}
Comestibles
 b - 6 meat rations
 k - a royal jelly
 l - 3 beef jerkies
 m - 18 fruits
 t - a bread ration
 z - 8 slices of pizza


   Skills:
 + Level 8.7 Fighting
 + Level 3.8 Dodging
 - Level 1.1 Stealth
 * Level 15.3 Unarmed Combat


You had 10 spell levels left.
You didn't know any spells.

Dungeon Overview and Level Annotations

Branches:
Dungeon (9/15)             Temple (0/1) D:4            Lair (2/8) D:9
    Orc: D:9-12

Altars:
Makhleb
Okawaru
Qazlal
Ru
Sif Muna
Xom


Innate Abilities, Weirdness & Mutations

You are too large for most types of armour.
You have claws for hands.
Your metabolism is lightning-fast.
You like to eat raw meat.
You heal very quickly.
You are covered in fur (AC +1).
You have very tough skin (AC +2).
You can breathe flames.
You are somewhat resistant to further mutation.
You are robust (+10% HP).
Your muscles are strong. (Str +2)


Message History

You feel strangely unstable.
It was a scroll of teleportation.
The blink frog hits you.
* * * LOW HITPOINT WARNING * * *
The yak closely misses you. The water moccasin bites you.
* * * LOW HITPOINT WARNING * * *
You are poisoned.
The water moccasin poisons you! The hippogriff misses you.
The hippogriff pecks you.
* * * LOW HITPOINT WARNING * * *
The hippogriff claws you but does no damage.
The blink frog blinks!
The yak barely misses you.
The water moccasin bites you but does no damage.
The hippogriff bites you but does no damage.
The hippogriff pecks you!
* * * LOW HITPOINT WARNING * * *
The hippogriff claws you.
* * * LOW HITPOINT WARNING * * *
You feel sick. The yak gores you but does no damage.
The blink frog blinks!
The water moccasin bites you.
You die...

##.PP.♣..♣♣ ♣ ##≈≈.♣.♣♣.♣
♣. ###≈≈≈≈P.♣..♣ ♣♣..
♣P≈≈≈≈.....P♣♣♣...
♣.♣≈≈♣P.P♣♣.......
♣♣P♣♣♣♣♣♣##.......
.♣###♣#.#♣♣##♣♣♣♣..Y....
.....!...#Y.....##...†<..
........@SYY....##...†...
...#.....Y.............†#
........H.........†.....
..................†.....
........?......)........
......F................
......................
.....................
...........(.......


You could see 4 yaks, a hippogriff (inner flame), a blink frog (inner flame) and
a water moccasin (inner flame).

Vanquished Creatures
  Gastronok (D:9)
  A hydra (Lair:2)
  A black mamba (Lair:2)
  A spiny frog (Lair:1)
  A komodo dragon (Lair:1)
  A wandering mushroom (D:9)
  Grinder (D:3)
  Prince Ribbit (D:4)
  A basilisk (Lair:1)
  A deep elf mage (D:9)
  4 hippogriffs
  21 yaks
  Edmund (D:5)
  A sky beast (D:5)
  2 phantoms
  5 water moccasins
  An orc warrior (D:9)
  A black bear (D:9)
  An ice beast (D:6)
  6 ogres
  A crocodile (Lair:2)
  Sigmund (D:2)
  3 big kobolds (D:9)
  2 centaurs
  9 giant frogs
  Blork the orc (D:3)
  A wyvern zombie (D:8)
  15 killer bees (D:7)
  A centaur zombie (D:9)
  6 crimson imps
  6 orc priests
  A jelly (D:7)
  A giant frog skeleton (D:4)
  3 hounds
  10 worker ants
  21 orc wizards
  4 iguanas
  Natasha (twice) (D:3)
  2 sheep (D:9)
  2 killer bee zombies
  Ijyb (D:2)
  A hound zombie (D:5)
  Terence (D:2)
  2 hound skeletons
  A worker ant zombie (D:8)
  9 adders
  20 river rats
  A gnoll (D:1)
  A shadow imp (D:6)
  2 worms (D:2)
  An adder zombie (D:6)
  An ooze (D:1)
  40 orcs
  13 bats
  A bat skeleton (D:5)
  3 giant cockroaches (D:2)
  11 goblins
  12 hobgoblins
  2 jackals (D:5)
  7 kobolds
  12 quokkas
  3 ball pythons
  6 giant geckos
  6 giant newts
  A jackal skeleton (D:5)
  2 jackal zombies
  18 rats
323 creatures vanquished.

Vanquished Creatures (others)
  Natasha (D:3)
  A giant spore (D:8)
2 creatures vanquished.

Grand Total: 325 creatures vanquished

Notes
Turn   | Place    | Note
--------------------------------------------------------------
     0 | D:1      | PolkaDot, the Troll Monk, began the quest for the Orb.
     0 | D:1      | Reached XP level 1. HP: 22/22 MP: 1/1
   185 | D:1      | Reached XP level 2. HP: 21/29 MP: 1/1
   638 | D:2      | Reached skill level 5 in Unarmed Combat
   638 | D:2      | Reached XP level 3. HP: 36/36 MP: 2/2
   697 | D:2      | Noticed Terence
   703 | D:2      | Killed Terence
   785 | D:2      | Noticed Sigmund
   797 | D:2      | Killed Sigmund
   797 | D:2      | Reached skill level 6 in Unarmed Combat
   797 | D:2      | Reached XP level 4. HP: 40/44 MP: 2/2
   887 | D:2      | Noticed Ijyb
   897 | D:2      | Killed Ijyb
   897 | D:2      | Reached XP level 5. HP: 48/50 MP: 2/2
  1087 | D:2      | Found a stormy altar of Qazlal.
  1087 | D:2      | Found a sacrificial altar of Ru.
  1263 | D:3      | Found a shimmering altar of Xom.
  1283 | D:3      | Noticed Natasha
  1314 | D:3      | Killed Natasha
  1314 | D:3      | Reached skill level 7 in Unarmed Combat
  1449 | D:3      | Noticed Natasha
  1466 | D:3      | Killed Natasha
  1582 | D:3      | Noticed Natasha
  1590 | D:3      | Killed Natasha
  1620 | D:3      | Found an iron altar of Okawaru.
  1844 | D:3      | Noticed Blork the orc
  1847 | D:3      | Noticed Grinder
  1860 | D:3      | Paralysed by Grinder for 4 turns
  1870 | D:3      | Paralysed by Grinder for 6 turns
  1884 | D:3      | Paralysed by Grinder for 6 turns
  1891 | D:3      | Paralysed by Grinder for 4 turns
  1895 | D:3      | Gained mutation: You are robust (+10% HP). [potion of mutation]
  1895 | D:3      | Gained mutation: You are somewhat resistant to further mutation. [potion of mutation]
  1895 | D:3      | Gained mutation: Your muscles are strong. (Str +2) [potion of mutation]
  1906 | D:3      | Paralysed by Grinder for 2 turns
  1913 | D:3      | Paralysed by Grinder for 2 turns
  1922 | D:3      | Paralysed by Grinder for 3 turns
  2030 | D:3      | Killed Blork the orc
  2030 | D:3      | Reached XP level 6. HP: 55/64 MP: 3/3
  2030 | D:3      | Paralysed by Grinder for 5 turns
  2041 | D:3      | Killed Grinder
  2041 | D:3      | Reached skill level 8 in Unarmed Combat
  2048 | D:3      | Found a deep blue altar of Sif Muna.
  2110 | D:4      | Reached XP level 7. HP: 69/72 MP: 3/3
  2138 | D:4      | Noticed Prince Ribbit
  2175 | D:4      | Killed Prince Ribbit
  2175 | D:4      | Reached skill level 9 in Unarmed Combat
  2409 | D:4      | Found a staircase to the Ecumenical Temple.
  2902 | D:4      | Reached skill level 10 in Unarmed Combat
  3118 | D:4      | Reached XP level 8. HP: 66/81 MP: 3/3
  3153 | D:5      | Entered Level 5 of the Dungeon
  3349 | D:5      | Noticed Edmund
  3357 | D:5      | Killed Edmund
  3377 | D:5      | Reached skill level 11 in Unarmed Combat
  4229 | D:5      | Gained mutation: You can breathe flames. [mutagenic meat]
  4393 | D:6      | Reached skill level 12 in Unarmed Combat
  4561 | D:6      | Reached XP level 9. HP: 88/88 MP: 4/4
  4765 | D:6      | Found a burning altar of Makhleb.
  5196 | D:7      | Reached skill level 13 in Unarmed Combat
  6330 | D:8      | Reached XP level 10. HP: 77/102 MP: 4/4
  6839 | D:9      | Reached skill level 5 in Fighting
  6853 | D:9      | Found a staircase to the Lair.
  6901 | D:9      | Noticed Gastronok
  6927 | D:9      | Killed Gastronok
  6927 | D:9      | Reached skill level 14 in Unarmed Combat
  7129 | D:9      | Reached XP level 11. HP: 70/121 MP: 4/4
  7211 | D:9      | Noticed a two-headed hydra
  7216 | D:9      | Noticed an emperor scorpion
  7216 | D:9      | a two-headed hydra changed into an emperor scorpion
  7395 | Lair:1   | Entered Level 1 of the Lair of Beasts
  8439 | Lair:2   | Reached skill level 15 in Unarmed Combat
  8740 | Lair:2   | Noticed a six-headed hydra
  8765 | Lair:2   | Killed a 12-headed hydra
  8800 | Lair:2   | HP: 6/124 [hippogriff (1)]
  8801 | Lair:2   | Slain by a water moccasin

Action                   |  1- 3 |  4- 6 |  7- 9 | 10-12 || total
-------------------------+-------+-------+-------+-------++-------
Melee: Unarmed           |    65 |    90 |   368 |   312 ||   835
 Abil: Breathe Fire      |       |       |     1 |       ||     1
Evoke: Wand              |       |     7 |       |    10 ||    17
  Use: Potion            |       |    11 |     5 |     8 ||    24
       Scroll            |       |     7 |     4 |     6 ||    17
 Stab: Sleeping          |     2 |     2 |     2 |       ||     6
       Distracted        |       |       |     1 |       ||     1
  Eat: Chunk             |    12 |     7 |    48 |    21 ||    88
